 Dungeon Crawl Stone Soup version 0.21.1-1-g345015f (webtiles) character file.

147 Autsider the Poker (level 5, 0/41 HPs)
             Began as a Merfolk Skald on Feb 22, 2018.
             Succumbed to a scorpion's poison
             ... on level 3 of the Dungeon.
             The game lasted 00:07:18 (3069 turns).

Autsider the Poker (Merfolk Skald)                  Turns: 3069, Time: 00:07:19

Health: 0/41       AC:  8    Str: 13    XL:     5   Next: 29%
Magic:  17/17      EV: 12    Int: 12    God:
Gold:   94         SH:  0    Dex: 13    Spells: 2/8 levels left

rFire    . . .     SeeInvis .   q - +0 glaive
rCold    . . .     Gourm    .   (shield currently unavailable)
rNeg     . . .     Faith    .   b - +0 leather armour
rPois    .         Spirit   .   (no helmet)
rElec    .         Reflect  .   t - +2 cloak
rCorr    .         Harm     .   h - +0 pair of gloves
MR       .....                  o - +0 pair of boots
Stlth    +.........             (no amulet)
HPRegen  0.13/turn              j - ring of wizardry
MPRegen  0.15/turn              s - ring of magical power

@: lethally poisoned (0 -> -21), hasted, drained, very quick
A: change form in water, swift swim, stealthy swim
a: no special abilities


You were on level 3 of the Dungeon.
You were not hungry.

You visited 1 branch of the dungeon, and saw 4 of its levels.

You collected 94 gold pieces.

Inventory:

Hand Weapons
 a - a +0 spear
 i - a +1 whip of venom
 q - a +0 glaive (weapon)
Armour
 b - a +0 leather armour (worn)
 h - a +0 pair of gloves (worn)
 o - a +0 pair of boots (worn)
 t - a +2 cloak (worn)
Jewellery
 j - a ring of wizardry (left hand)
 s - a ring of magical power (right hand)
Scrolls
 e - 2 scrolls of teleportation {unknown}
 f - 6 scrolls of identify {unknown}
 g - a scroll of enchant armour {unknown}
 k - a scroll of remove curse {unknown}
 l - 4 scrolls of fog {unknown}
 r - a scroll of magic mapping {unknown}
Potions
 m - a potion of resistance {unknown}
 n - a potion of curing {unknown}
 p - a potion of haste
 v - a potion of cancellation {unknown}
 w - a potion of degeneration {unknown}
 x - a potion of invisibility {unknown}
Books
 c - a book of Battle

   Spells                             Type                      Level
   a - Infusion                       Charms                       1
   b - Shroud of Golubria             Charms/Translocation         2
   c - Song of Slaying                Charms                       2
   d - Spectral Weapon                Hexes/Charms                 3
   e - Regeneration                   Charms/Necromancy            3
Comestibles
 d - 7 rations


   Skills:
 + Level 3.2(2.1) Fighting
 * Level 5.4(4.2) Polearms
 - Level 0.6(0.0) Armour
 + Level 3.9(2.8) Dodging
 - Level 2.0(0.9) Spellcasting
 + Level 4.0(2.9) Charms


You had 2 spell levels left.
You knew the following spells:

 Your Spells              Type           Power        Failure   Level  Hunger
a - Infusion              Chrm           #...         4%          1    ##.....
b - Spectral Weapon       Hex/Chrm       #.......     26%         3    ####...
c - Shroud of Golubria    Chrm/Tloc      #.........   13%         2    ###....


Dungeon Overview and Level Annotations

Branches:
Dungeon (4/15)
 Temple: D:4-7

Altars:

Annotations:
D:4 Grinder


Message History

The scorpion stings you.
You closely miss the adder.
You feel sick. The adder bites you but does no damage. The scorpion stings you.
The adder bites you but does no damage.
You closely miss the adder.
You feel sick. The adder completely misses you.
The scorpion closely misses you. The adder bites you but does no damage.
The scorpion stings you.
You closely miss the adder.
You feel sick. The adder bites you.
The scorpion stings you but does no damage.
The adder bites you but does no damage.
You closely miss the adder.
You feel sick. The scorpion stings you.
* * * LOW HITPOINT WARNING * * *
You are lethally poisoned!
The scorpion poisons you! The adder bites you but does no damage.
The scorpion stings you!
* * * LOW HITPOINT WARNING * * *
The adder bites you.
* * * LOW HITPOINT WARNING * * *
It was a potion of haste.
You feel yourself speed up.
You die...

.######### #.###########..#### ##
#>................. #############
###########.##.#### ............#
#.##.# ###########.# #.##.#
####.# #.##.# ### ##.##.# #.##.#
##.###...#.#############.##.#
##...#.........S@s........##.####
#...........################.##..
.......)...## ####.##.#
..........## #....##.#
.......#.## #.#####.# #......#.#
#.# #.# ##...#.#.# ####### #รท#
#.# ##.##.#.# #.....# #)# #.#
#.##.#.# #.....###.# #.#


You could see a scorpion and an adder.

Vanquished Creatures
  An orc wizard (D:3)
  4 adders
  2 oozes (D:1)
  5 worms
  A leopard gecko (D:3)
  8 orcs (D:3)
  5 giant cockroaches
  5 goblins
  3 hobgoblins
  2 jackals (D:2)
  A quokka (D:3)
  A ball python (D:3)
  7 bats
  2 frilled lizards
  5 kobolds
  6 rats
58 creatures vanquished.

Notes
Turn   | Place    | Note
-------+----------+-------------------------------------------
     0 | D:1      | Autsider the Merfolk Skald began the quest for the Orb.
     0 | D:1      | Reached XP level 1. HP: 16/16 MP: 3/3
   207 | D:1      | Reached XP level 2. HP: 23/23 MP: 5/5
   823 | D:1      | Reached XP level 3. HP: 28/28 MP: 6/6
   948 | D:2      | Reached skill level 4 in Polearms
  1344 | D:2      | Reached XP level 4. HP: 31/34 MP: 7/7
  2014 | D:3      | Learned a level 3 spell: Spectral Weapon
  2017 | D:3      | Learned a level 2 spell: Shroud of Golubria
  2135 | D:3      | Reached skill level 5 in Polearms
  2363 | D:3      | Reached XP level 5. HP: 22/41 MP: 8/8
  3048 | D:4      | Noticed Grinder
  3068 | D:3      | HP: 2/41 [scorpion (8)]
  3069 | D:3      | Succumbed to a scorpion's poison

Skill      XL: |  1  2  3  4 |
---------------+-------------+-----
Dodging        | 3 |  3.9
Polearms       | 4 5 |  5.4
Fighting       | 3 |  3.2
Charms         | 4 |  4.0
Armour         | |  0.6
Spellcasting   | |  2.0

Action                   |  1- 3 |  4- 6 || total
-------------------------+-------+-------++-------
Melee: Spear             |    20 |       ||    20
       Whip              |    88 |    77 ||   165
       Glaive            |       |    17 ||    17
  Use: Potion            |       |     1 ||     1
  Eat: Chunk             |     1 |     6 ||     7
Armor: Leather armour    |    31 |    31 ||    62
Dodge: Dodged            |    64 |    45 ||   109
